[Event "*** Titled Tuesday 3|2 Blitz"]
[Site "Chess.com"]
[Date "2016.06.07"]
[Round "1"]
[White "TheLancer"]
[Black "silverback96"]
[Result "1-0"]
[WhiteElo "2451"]
[BlackElo "2048"]
[TimeControl "180+2"]
[EndTime "17:08:52 PDT"]
[Termination "TheLancer won by checkmate"]

1. e4 e6 2. d4 d5 3. Nc3 Bb4 4. e5 c5 5. a3 Bxc3+ 6. bxc3 Qa5 7. Bd2 Qa4 8. Qb1 c4 9. Nh3 Nc6 10. Nf4 Bd7 11. h4 O-O-O 12. h5 h6 13. Rh3 Nge7 14.
Rf3 Rdf8 15. Ne2 f6 16. exf6 gxf6 17. Rg3 e5 18. Be3 Nf5 19. Rg6 Be8 20. g3 Bxg6 21.
hxg6 Nxe3 22. fxe3 Rhg8 23. Bh3+ f5 24. dxe5 Nxe5 25. Nd4 Rxg6 26. Bxf5+ Rxf5 27. Nxf5 Qd7 28. Nd4 Rxg3 29. Ne2 Rxe3 30. Qb4 Nf3+ 31. Kf2 Qe8 32. Qc5+ Kb8 33. Qxe3 Ne5 34. Rg1 Qh5 35. Qf4 Kc7 36.
Rg7+ Kb6 37. Nd4 Ka6 38. a4 Kb6 39. Nb5 a6 40. Nd6 Ka5 41. Nxb7+ Kxa4 42. Nc5+ Kb5 43. Ne6 Kb6 44. Qd4+ Ka5 45. Qc5+ Ka4 46. Qb4# 1-0

[Event "*** Titled Tuesday 3|2 Blitz"]
[Site "Chess.com"]
[Date "2016.06.07"]
[Round "1"]
[White "chickencrossroad"]
[Black "Dr-Bassem"]
[Result "0-1"]
[WhiteElo "2225"]
[BlackElo "2592"]
[TimeControl "180+2"]
[EndTime "17:08:57 PDT"]
[Termination "Dr-Bassem won by resignation"]

1. e4 e5 2. Nf3 Nc6 3. Bc4 Nf6 4. d3 h6 5. c3 d6 6. Bb3 g6 7. h3 Bg7 8. O-O O-O 9. Re1 a6 10. d4 Re8 11. Nh4 exd4 12. Nxg6 Nxe4 13. Nd2 Nc5 14. Bd5 dxc3 15. bxc3 Bxc3 16. Rb1 Bf5 17.
Rxe8+ Qxe8 18. Qh5 Bxb1 19. Nxb1 Bg7 20. Bd2 Ne7 21.
Nxe7+ Qxe7 22. Nc3 Re8 23. Qg4 Qf6 24. Kh2 c6 25.
Bc4 d5 26. Be2 Ne4 27. Nxe4 Rxe4 28. Qc8+ Bf8 29. Bd3 Qd6+ 30. g3 Rd4 31. Qf5 Qg6 32. Qe5 Rxd3 33. Bc3 Rxc3 34. Qxc3 Bg7 35. Qe3 d4 36.
Qe8+ Kh7 37. Qd7 d3 38. Kg2 c5 39. Qd5 Qc6 40. Qxc6 bxc6 41. Kf3 c4 42. Ke3 c5 0-1

[Event "*** Titled Tuesday 3|2 Blitz"]
[Site "Chess.com"]
[Date "2016.06.07"]
[Round "1"]
[White "kikydu96"]
[Black "metalbattler"]
[Result "1-0"]
[WhiteElo "2406"]
[BlackElo "1950"]
[TimeControl "180+2"]
[EndTime "17:09:01 PDT"]
[Termination "kikydu96 won on time"]

1. e4 d5 2. exd5 Nf6 3. Bb5+ Bd7 4. Be2 Nxd5 5. d4 Bf5 6. c4 Nb6 7. Nc3 e6 8. Nf3 Be7 9. O-O O-O 10. Be3 N8d7 11. a4 c5 12. a5 Nc8 13. d5 Nd6 14. a6 b6 15. Bd3 Bg4 16. Qc2 Bxf3 17. gxf3 Kh8 18. Kh1 Ne5 19. b3 Nxd3 20. Qxd3 Nf5 21. Rad1 Bf6 22. Ne4 Be5 23. f4 Bd4 24. Bxd4 Nxd4 25.
d6 Qh4 26. Qg3 Qh5 27. Rg1 Rg8 28. Qe3 Rad8 29. Rd3 f5 30. Ng5 Rxd6 31. Qe5 Rgd8 32.
Rh3 Qg6 33. Rxh7+ Kg8 34. Rh3 Nxb3 35. Rxb3 Rd1 36. Rg3 Qh5 37. Qxe6+ Kf8 38. Qxf5+ Kg8 39. Qe6+ Kf8 40. Qg4 1-0

[Event "*** Titled Tuesday 3|2 Blitz"]
[Site "Chess.com"]
[Date "2016.06.07"]
[Round "1"]
[White "Bigfish1995"]
[Black "DarcyFitzgerald"]
[Result "1-0"]
[WhiteElo "2613"]
[BlackElo "2295"]
[TimeControl "180+2"]
[EndTime "17:09:02 PDT"]
[Termination "Bigfish1995 won on time"]

1. e4 c6 2. d4 d5 3. Nc3 dxe4 4. Nxe4 Bf5 5. Ng3 Bg6 6. h4 h6 7.
Nf3 e6 8. h5 Bh7 9. Bd3 Bxd3 10. Qxd3 Nf6 11. Bf4 Qa5+ 12. Bd2 Bb4 13. c3 Be7 14.
Ne5 Nbd7 15. f4 Rd8 16. Qc4 Qd5 17. Qxd5 Nxd5 18. O-O-O O-O 19. Rde1 Nxe5 20. dxe5 b5 21. Ne4 a5 22. g4 Nb6 23. b3 a4 24. Kc2 Ra8 25. Ra1 Ra6 26. g5 Rfa8 27. b4 Nc4 28. gxh6 gxh6 29. Rag1+ Kh8 30. Rg4 Rg8 31. Rxg8+ Kxg8 32. Rg1+ Kh8 33. Kd3 Ra8 34. Be3 Rd8+ 35. Bd4 Rg8 36. Rxg8+ Kxg8 37. Nd2 Nxd2 38. Kxd2 Kf8 39. a3 Ke8 40. c4 Kd7 41. Kd3 Bh4 42. Be3 Kc7 43. f5 Bg3 44. cxb5 cxb5 45. fxe6 fxe6 46. Ke4 Be1 47. Bxh6 1-0

[Event "*** Titled Tuesday 3|2 Blitz"]
[Site "Chess.com"]
[Date "2016.06.07"]
[Round "1"]
[White "FearlessKing64"]
[Black "Semetey"]
[Result "0-1"]
[WhiteElo "2113"]
[BlackElo "2481"]
[TimeControl "180+2"]
[EndTime "17:09:13 PDT"]
[Termination "Semetey won on time"]

1. e4 c5 2. Nf3 e6 3. c4 Nc6 4. Nc3 a6 5. Be2 Qc7 6. O-O Nf6 7. d4 cxd4 8. Nxd4 Bd6 9. h3 Nxd4 10. Qxd4 Be5 11. Qe3 Bxc3 12. bxc3 d6 13. Rd1 O-O 14.
Ba3 Rd8 15. c5 d5 16. e5 Ne4 17. f3 Ng3 18. Bd3 Nf5 19. Qe1 Ne7 20. f4 Bd7 21.
Qh4 Ng6 22. Qg4 Bb5 23. Bc2 Rac8 24. h4 Nf8 25. h5 h6 26. Re1 Bd7 27. Rad1 b6 28.
f5 exf5 29. Bxf5 Bxf5 30. Qxf5 bxc5 31. Bc1 Qc6 32. Re3 Qe6 33. Qf2 Rd7 34. Rg3 Kh8 35.
Re1 d4 36. cxd4 cxd4 37. Rd1 Rcd8 38. Qf4 d3 39. Bd2 Rd5 40. Re1 Qb6+ 41. Kh2 Qe6 42. Ree3 Nh7 43. Rgf3 Ng5 44. Qg3 Nxf3+ 45. gxf3 Qf5 46.
Re4 Rc5 47. Rg4 Rc2 48. Qf2 Qxe5+ 49. Kh3 Qe2 50. Qxe2 dxe2 51. Be1 Rc1 52. Rg1 Rdd1 0-1

[Event "*** Titled Tuesday 3|2 Blitz"]
[Site "Chess.com"]
[Date "2016.06.07"]
[Round "1"]
[White "AlexanderL"]
[Black "Generalas"]
[Result "1-0"]
[WhiteElo "2588"]
[BlackElo "2223"]
[TimeControl "180+2"]
[EndTime "17:09:18 PDT"]
[Termination "AlexanderL won by resignation"]

1. d4 Nf6 2. c4 c5 3. d5 e6 4.
Nc3 exd5 5. cxd5 d6 6. Nf3 g6 7. Bf4 a6 8. a4 Bg7 9. h3 O-O 10. e3 Qe7 11. Nd2 Nbd7 12. Nc4 Ne8 13. a5 Rb8 14.
Be2 Ne5 15. Nb6 Nc7 16. O-O f5 17. Rb1 Bd7 18. b4 c4 19. Rc1 Nb5 20. Nca4 c3 21. Qb3 g5 22. Bxe5 Bxe5 23. Nxd7 Qxd7 24. Bxb5 axb5 25.
Nxc3 f4 26. exf4 Bxf4 27. Rc2 g4 28. hxg4 Qxg4 29. Nxb5 Rf6 30. Qh3 Qg5 31. Rc8+ Rxc8 32. Qxc8+ Kg7 33. Nd4 Kh6 34. Qh3+ Kg6 35. Qd3+ Kh6 36.
Ne6 Qe5 37. Qh3+ Kg6 38. Qg4+ Kf7 39. Qg7+ Ke8 40. Qg8+ Ke7 41. Qd8+ Kf7 42. Qf8+ Kg6 43. Qg7+ Kh5 44. Qxh7+ Bh6 45. Qd3 Rf5 46. Qd1+ Kg6 47. Re1 Qxd5 48. Qg4+ Kf6 49. Nc7 Qd2 50. Ne8+ Kf7 51.
Qxf5+ 1-0

[Event "*** Titled Tuesday 3|2 Blitz"]
[Site "Chess.com"]
[Date "2016.06.07"]
[Round "1"]
[White "Ksenia_Legenko"]
[Black "Danirod"]
[Result "1/2-1/2"]
[WhiteElo "2046"]
[BlackElo "2426"]
[TimeControl "180+2"]
[EndTime "17:09:25 PDT"]
[Termination "Game drawn - insufficient material"]

1. d4 Nf6 2. c4 e5 3. dxe5 Ng4 4. Nf3 Bc5 5. e3 Nc6 6. Nc3 Ngxe5 7. Be2 O-O 8. Nxe5 Nxe5 9. O-O Re8 10. b3 a5 11. Bb2 Ra6 12. Ne4 Ba7 13. Ng3 Rh6 14.
Nf5 Rg6 15. Bd3 Nxd3 16. Qxd3 d6 17. Ng3 Qg5 18. Bd4 Bc5 19. Bxc5 Qxc5 20. Qd4 Qg5 21. f4 Qe7 22. Rae1 f5 23. e4 fxe4 24. Rxe4 Re6 25. Rfe1 Qf7 26. f5 Rxe4 27. Rxe4 b6 28. Qe3 Rxe4 29.
Qxe4 Bd7 30. h3 Qe8 31. Qd5+ Kh8 32. Kh2 Bc6 33. Qd4 Qe5 34. Qxe5 dxe5 35. Kg1 Kg8 36.
Kf2 Kf7 37. Nf1 h5 38. g3 Kf6 39.
Ne3 Kg5 40. a3 Be4 41. g4 hxg4 42. hxg4 Kf4 43. b4 axb4 44. axb4 c5 45. bxc5 bxc5 46. Nd5+ Kxg4 47. f6 gxf6 48. Nxf6+ Kf5 49. Nd7 Bd3 50. Nxc5 Bxc4 51. Ke3 Bd5 52. Nd3 Be4 53. Nxe5 Kxe5 1/2-1/2

[Event "*** Titled Tuesday 3|2 Blitz"]
[Site "Chess.com"]
[Date "2016.06.07"]
[Round "1"]
[White "Quiet_Desperation"]
[Black "OldweakGM"]
[Result "0-1"]
[WhiteElo "2312"]
[BlackElo "2615"]
[TimeControl "180+2"]
[EndTime "17:09:27 PDT"]
[Termination "OldweakGM won by resignation"]

1. e4 c5 2. Nf3 d6 3. d4 cxd4 4.
Nxd4 Nf6 5. Nc3 a6 6. Be3 e6 7. Qd2 b5 8. f3 Nbd7 9. O-O-O Nb6 10. Bd3 Nfd7 11. Kb1 Bb7 12. g4 Rc8 13. g5 Ne5 14. b3 b4 15. Nce2 d5 16. Ng3 dxe4 17. Bxe4 Nd5 18. Bxd5 Bxd5 19. Rhf1 Qc7 20. Qe2 Bc5 21. Ne4 Bxe4 22. fxe4 O-O 23. h4 Rfd8 24. h5 Qb7 25.
Bg1 a5 26. g6 hxg6 27. hxg6 Nxg6 28. Qg2 Bxd4 29. Bxd4 e5 30. Be3 Qc7 31. Rh1 Rxd1+ 32. Rxd1 Rd8 33. Rh1 Qc3 34. Qf2 Rc8 35. Rf1 Rc7 36.
Bb6 Rd7 37. Bxa5 Nf4 38. Rc1 Rd2 39. Qb6 Nd3 40. Qd8+ Kh7 41. Qh4+ Kg8 42. Qd8+ Kh7 43. Rh1+ Kg6 44. Qd6+ f6 45. Rg1+ Kh5 46. Rh1+ Kg6 47.
Rg1+ Kh5 48. Rh1+ Kg5 49. Rg1+ Kf4 50. Rf1+ Kg3 51. Rg1+ Kh2 0-1

[Event "*** Titled Tuesday 3|2 Blitz"]
[Site "Chess.com"]
[Date "2016.06.07"]
[Round "1"]
[White "ilya261991"]
[Black "chessking2151"]
[Result "1-0"]
[WhiteElo "2629"]
[BlackElo "2315"]
[TimeControl "180+2"]
[EndTime "17:09:32 PDT"]
[Termination "ilya261991 won by resignation"]

1. d4 Nf6 2. c4 c5 3. d5 b5 4. cxb5 a6 5. bxa6 g6 6. Nf3 Bg7 7. Nc3 O-O 8. e4 d6 9. Be2 Qa5 10. O-O Bxa6 11. Bd2 Qb6 12. a4 Nbd7 13. Bxa6 Qxa6 14.
Qc2 Rfb8 15. Nb5 Ne8 16. Ra3 Qc8 17. Re3 Nb6 18. a5 Nd7 19. Rb3 Qa6 20. Na3 Rxb3 21. Qxb3 Rb8 22. Qc4 Qc8 23. Bc3 Bxc3 24. Qxc3 Nc7 25.
Ra1 Qa6 26. h3 f6 27. b3 Rb4 28. Nd2 f5 29. Nac4 fxe4 30. Nxe4 Nxd5 31. Qd3 N5f6 32. Ng5 d5 33. Qe3 Ne4 34. Nxe4 dxc4 35. bxc4 Rxc4 36.
Ng5 Qf6 37. Qe6+ Kg7 38. Qxf6+ exf6 39. Ne6+ Kf7 40. Nc7 Ke7 41. a6 Kd6 42. a7 Nb6 43. a8=Q Nxa8 44. Nxa8 Rb4 45. Ra6+ Ke7 46. Nc7 Rb1+ 47.
Kh2 Kf7 48. Nd5 f5 49. Rc6 Rc1 50. f4 h5 51. Ne3 Rc3 52. Nd5 Rc1 53. Kg3 c4 54. Kf3 c3 55. Rxc3 Rf1+ 56. Ke2 Rg1 57. Kf2 Rd1 58. Ne3 Rh1 59. Rc6 Ra1 60. Nc4 Ra2+ 61.
Kf3 1-0

[Event "*** Titled Tuesday 3|2 Blitz"]
[Site "Chess.com"]
[Date "2016.06.07"]
[Round "1"]
[White "oskariot"]
[Black "Kawhi_Leonard2"]
[Result "0-1"]
[WhiteElo "2407"]
[BlackElo "2040"]
[TimeControl "180+2"]
[EndTime "17:09:48 PDT"]
[Termination "Kawhi_Leonard2 won by resignation"]

1. e4 c5 2. Nf3 d6 3. d4 cxd4 4.
Nxd4 Nf6 5. Nc3 g6 6. Be3 Bg7 7. f3 O-O 8. Qd2 Nc6 9. Bc4 Bd7 10. h4 h5 11. Bb3 Ne5 12. O-O-O Rc8 13. Bg5 Rc5 14.
Kb1 b5 15. Rhe1 Nc4 16. Qd3 Qb6 17. Bxf6 Bxf6 18. Nd5 Rxd5 19. exd5 Rc8 20. c3 a5 21.
Bxc4 Rxc4 22. Ka1 Bxh4 23. Re4 Bf6 24. g4 hxg4 25. fxg4 Qc5 26. Nb3 Qc7 27. Nd2 Rc5 28. Nf3 b4 29. c4 Bb5 30. Rc1 a4 31. Kb1 g5 32. Nd2 Ba6 33. Nf1 Bc8 34. Ng3 Ba6 35. Nh5 Be5 36. Qe3 f6 37. Ng3 Bxc4 38. Nf5 Bxa2+ 39.
Kxa2 Rxc1 40. Nxe7+ Kf7 41. Nc6 b3+ 42. Ka3 Ra1+ 43.
Kb4 Qb7+ 44. Ka5 a3 45. Nd8+ Ke7 46. Nxb7 axb2+ 47. Kb5 b1=Q 48. Nc5 Qf1+ 49. Kc6 b2 50. Rb4 b1=Q 51. Rb7+ Qxb7+ 52. Nxb7 Qc1+ 0-1

[Event "*** Titled Tuesday 3|2 Blitz"]
[Site "Chess.com"]
[Date "2016.06.07"]
[Round "1"]
[White "Silent_Terror"]
[Black "tactics321"]
[Result "0-1"]
[WhiteElo "2507"]
[BlackElo "2205"]
[TimeControl "180+2"]
[EndTime "17:09:53 PDT"]
[Termination "tactics321 won by resignation"]

1. e4 e5 2. Nf3 Nc6 3. Bb5 Nf6 4.
O-O Nxe4 5. d4 Nd6 6. dxe5 Nxb5 7. a4 Nbd4 8. Nxd4 Nxd4 9. Qxd4 d6 10. exd6 Qxd6 11.
Qe3+ Be7 12. b3 O-O 13. Ba3 c5 14. Nc3 Bf5 15. Nb5 Qe6 16. Bxc5 Qxe3 17. Bxe3 Bxc2 18. Nd4 Bg6 19. Rac1 Rac8 20. Nf3 a6 21. Ne5 Rfd8 22. Bb6 Re8 23. Nf3 h6 24. Rfe1 Ba3 25. Rxc8 Rxc8 26. Ne5 Bb4 27. Nxg6 fxg6 28. Rb1 Rc6 29. Be3 Rc2 30.
g3 Kf7 31. Kg2 Ke6 32. Kf3 Bc5 33. Bxc5 Rxc5 34. Rb2 Rc3+ 35. Ke4 g5 36. Kd4 Rc1 37. b4 b5 38. axb5 axb5 39. f4 gxf4 40. gxf4 Rc4+ 41.
Ke3 Kf5 42. Rg2 Rxf4 43. Rxg7 Rxb4 44. Rh7 Kg6 45. Rb7 Rb2 46. h4 Kh5 47. Rb6 b4 48.
Kf3 b3 49. Kg3 Rb1 50. Rb5+ Kg6 51. Kg2 Kf6 52. Rb6+ Kf5 53. Rxh6 Kg4 54. Rb6 Kxh4 55.
Rb4+ Kg5 56. Rb5+ Kf4 57. Rb4+ Ke3 58. Rb8 Kd2 59. Rc8 Rc1 60. Rd8+ Kc2 61. Rc8+ Kb1 62.
Rb8 b2 63. Kf2 Rc7 64. Ke2 Kc1 0-1

[Event "*** Titled Tuesday 3|2 Blitz"]
[Site "Chess.com"]
[Date "2016.06.07"]
[Round "1"]
[White "bugsbunny444"]
[Black "Evgeny_Levin"]
[Result "0-1"]
[WhiteElo "2357"]
[BlackElo "2715"]
[TimeControl "180+2"]
[EndTime "17:11:07 PDT"]
[Termination "Evgeny_Levin won by checkmate"]

1. Nf3 Nf6 2. c4 e6 3. g3 b6 4.
Bg2 Bb7 5. O-O Be7 6. b3 O-O 7. Bb2 c5 8. Nc3 d6 9. e3 Nbd7 10.
d4 Ne4 11. Qe2 Nxc3 12. Bxc3 Qc7 13. Rfd1 Nf6 14. Rac1 Rac8 15. Bb2 Be4 16. Bh3 Rcd8 17. Nd2 Bb7 18. e4 cxd4 19. Bxd4 Nd7 20. Nb1 a6 21. Bg2 Qb8 22. Nc3 Rfe8 23. Na4 Bc6 24. Nc3 Ne5 25. f4 Nd7 26. h3 Rc8 27. Kh2 Nc5 28. e5 Bxg2 29. Qxg2 Red8 30. Bxc5 Rxc5 31. Ne4 Rcc8 32.
exd6 Bxd6 33. Rc2 Bb4 34. Rcc1 Qc7 35. Qf3 Ba3 36. Rb1 Be7 37. Rxd8+ Rxd8 38. Rd1 g6 39. h4 b5 40. Rxd8+ Qxd8 41. cxb5 axb5 42. a4 bxa4 43. bxa4 Qd4 44. a5 Qa4 45. h5 Qa2+ 46. Kh3 Qxa5 47. hxg6 hxg6 48. g4 Qd5 49. Kg3 Qd4 50. Nf2 Bd6 51. Ne4 Be7 52. g5 Qd5 53.
Kg4 Qf5+ 54. Kg3 Qa5 55. Qd3 Qe1+ 56. Kg4 Qg1+ 57. Qg3 Qh1 58. Qf3 Qe1 59. Kh3 Kf8 60.
Kg2 Qc1 61. Kh3 Qb2 62. Kg3 Qd4 63. Kh3 Qd5 64. Kg3 Qf5 65. Kg2 e5 66. Kg3 Bd8 67. fxe5 Qxe5+ 68. Kg4 Bc7 69. Nf6 Qe6+ 70. Kh4 Kg7 71.
Qg4 Qe1+ 72. Kh3 Qh1# 0-1

[Event "*** Titled Tuesday 3|2 Blitz"]
[Site "Chess.com"]
[Date "2016.06.07"]
[Round "1"]
[White "UltimateCrusher2"]
[Black "pKiLz5Rn9b"]
[Result "1-0"]
[WhiteElo "2115"]
[BlackElo "2448"]
[TimeControl "180+2"]
[EndTime "17:11:14 PDT"]
[Termination "UltimateCrusher2 won by resignation"]

1. b3 Nf6 2. Bb2 g6 3. Nf3 Bg7 4. g3 d5 5. Bg2 O-O 6. O-O c5 7. e3 Nc6 8. c4 d4 9. exd4 cxd4 10.
Re1 Nd7 11. d3 e5 12. Na3 Re8 13. Nc2 a5 14. a3 Nc5 15. b4 Na4 16. Qc1 Nxb2 17.
Qxb2 Bf5 18. Rad1 Qb6 19. b5 e4 20. c5 Qxc5 21. bxc6 exf3 22. cxb7 Rxe1+ 23. Rxe1 Rb8 24. Bxf3 Bxd3 25. Na1 Qc3 26. Qxc3 dxc3 27. Rc1 Ba6 28.
Nc2 Be5 29. Rb1 Bd3 30. Rc1 Kg7 31. Ne3 f5 32. a4 g5 33. Nd1 c2 34. Ne3 Bb2 35.
Rxc2 Bxc2 36. Nxc2 Kf6 37. Ne3 Bd4 38. Nc4 g4 39. Bg2 Bc3 40. Nb6 Ke6 41. Nd5 Be5 42. Nb6 Bd4 43. Nc4 Bc3 44. Nb6 Kd6 45. Nc4+ Kc5 46. Ne3 Kb4 47. Nd5+ Kb3 48. Nb6 Bd4 49. Nd7 Ba7 50. Nxb8 Bxb8 51. Bc6 f4 52. Kf1 fxg3 53.
fxg3 Kb4 54. Ke2 Ba7 55. Kf1 Kc5 56. Be4 h6 57. Bf5 Kb4 58. Bd7 Kb3 59. Ke2 Kb4 60.
Kd3 Kc5 61. Bxg4 Kb6 62. Bf3 Kc7 63. Be4 Bg1 64. h3 Bh2 65. g4 Bg3 66. Bd5 Bh4 67. Ke4 Be1 68. Kf5 Bh4 69. Kg6 Bg5 70. Kh5 Bf4 71.
h4 Kd7 72. g5 hxg5 73. hxg5 Ke7 74. Kh6 Kf8 75. Kh7 1-0

[Event "*** Titled Tuesday 3|2 Blitz"]
[Site "Chess.com"]
[Date "2016.06.07"]
[Round "1"]
[White "Fibrinogen"]
[Black "jcibarra"]
[Result "0-1"]
[WhiteElo "2319"]
[BlackElo "2627"]
[TimeControl "180+2"]
[EndTime "17:11:52 PDT"]
[Termination "jcibarra won by resignation"]

1. e4 c5 2. Nf3 d6 3. d4 cxd4 4. Nxd4 Nf6 5. Nc3 a6 6. Be3 Ng4 7. Bc1 Nf6 8. Be3 Ng4 9. Bc1 Nc6 10. h3 Nf6 11. Be3 e6 12. g4 Be7 13. Bg2 Qc7 14.
f4 h6 15. Qe2 Bd7 16. O-O-O g5 17. Nxc6 Bxc6 18. fxg5 hxg5 19. Bxg5 O-O-O 20. Kb1 Rdg8 21. h4 Kb8 22. Rhf1 Nh7 23. Rxf7 Nxg5 24. hxg5 Be8 25. Rff1 Rxg5 26. a3 Rhg8 27. Bf3 Bf6 28. Qd2 Rc5 29. Qxd6 Bxc3 30. bxc3 Bb5 31. Rf2 Rxc3 32. Kb2 Qxd6 33. Rxd6 Re3 34. Rdd2 e5 35. Be2 Bc6 36. Rf5 Re8 37.
Bd3 Rg3 38. g5 Kc7 39. Rdf2 Re7 40. Rf7 Rxf7 41. Rxf7+ Kd6 42. Rg7 Kc5 43. g6 Kd4 44.
Rg8 a5 45. g7 Bxe4 46. Rd8+ Bd5 47. c4 Kxd3 48. Rxd5+ Kxc4 49. Rxe5 Rg2+ 50. Kc1 b6 51. Re7 Kb3 52. Rb7 Kxa3 53. Rxb6 Rxg7 54. Kc2 Rg2+ 55. Kc3 a4 56. Rb1 Ka2 57. Rb8 a3 58. Rb7 Rb2 59.
Re7 Rb1 60. Re2+ Ka1 61. Rg2 Rb8 62. Rg1+ Rb1 63. Rg2 Rb2 64. Rg1+ Ka2 65. Rg7 Rb3+ 66. Kc2 Rb8 67. Rc7 Rh8 68. Rb7 Rc8+ 69. Kd2 Rc6 70.
Rb8 Rc5 71. Rb7 Rc8 72. Rb6 Rc7 73. Rb8 Ka1 74. Rb6 Rh7 75. Kc2 Rh2+ 76. Kc3 Rb2 77. Rg6 a2 78. Rf6 Rb1 79. Kc2 Rh1 80. Rf5 Rh2+ 81.
Kb3 Rb2+ 82. Kc3 Rb1 83. Kc2 Rb2+ 84. Kc3 Rb8 85. Rf1+ Rb1 86. Rf5 Rc1+ 87. Kb3 Kb1 0-1

[Event "*** Titled Tuesday 3|2 Blitz"]
[Site "Chess.com"]
[Date "2016.06.07"]
[Round "1"]
[White "howitzer14"]
[Black "Ar4uha"]
[Result "1-0"]
[WhiteElo "2689"]
[BlackElo "2356"]
[TimeControl "180+2"]
[EndTime "17:11:56 PDT"]
[Termination "howitzer14 won by resignation"]

1. e4 e5 2. Nf3 d6 3. d4 exd4 4.
Nxd4 Nf6 5. Nc3 Be7 6. g3 O-O 7. Bg2 Bg4 8. Qd2 Nc6 9. h3 Bd7 10. O-O Nxd4 11. Qxd4 Bc6 12. Bf4 Nd7 13. Qd2 Bf6 14. a4 a6 15. a5 Ne5 16. b3 Re8 17.
Rad1 Ng6 18. Nd5 Nxf4 19. Qxf4 Bg5 20. Qg4 Bf6 21. Qf3 Bxd5 22. Rxd5 Re5 23. c4 c6 24. Rxe5 dxe5 25. Rd1 Qxa5 26. Rd7 Qb6 27. Qc3 c5 28. h4 Rd8 29. Rd5 h6 30. Qd3 g6 31. h5 gxh5 32. Qf3 h4 33. Qg4+ Kf8 34. gxh4 Rxd5 35. exd5 Qxb3 36.
d6 Qb1+ 37. Kh2 Qc1 38. Qc8+ Kg7 39. Qg4+ Kf8 40. Qc8+ Kg7 41. Qg4+ Kf8 42. Bxb7 Qf4+ 43. Qxf4 exf4 44. Bxa6 Bxh4 45. f3 Bf6 46. Kh3 Be5 47.
d7 Ke7 48. Bb5 Bc7 49. Kg4 Kf6 50. Kh5 Kg7 51. Bc6 Bd8 52. Bd5 Bg5 53. Kg4 Kg6 54. Be4+ Kg7 55. Kf5 Kf8 56. Ke5 Ke7 57. Bf5 h5 58.
Kd5 Kd8 59. Kxc5 Kc7 60. Kd5 Bf6 61. Ke4 Bg5 62. Ke5 h4 63. Bh3 Bd8 64. Kxf4 Kd6 65. Ke4 Kc5 66. Kd3 Be7 67. f4 Bd8 68. Bg2 Kd6 69.
Bh3 Kc5 70. Bf5 Be7 71. Kc3 Bf6+ 72. Kd3 Bd8 73. Bg4 Be7 74. Bh3 Bd8 75. Ke4 Kxc4 76. Ke5 Kc5 77. f5 f6+ 78. Ke6 Kc6 79. Bg2+ Kc7 80. Bh3 Kc6 81. Bf1 Kc5 82. Kf7 Kd6 83. Ke8 Ba5 84. d8=Q+ Bxd8 85. Kxd8 Ke5 86. Bh3 Kf4 87. Ke7 Kg3 88. Bf1 Kf2 89. Ba6 h3 90. Bb7 1-0

[Event "*** Titled Tuesday 3|2 Blitz"]
[Site "Chess.com"]
[Date "2016.06.07"]
[Round "1"]
[White "MinhGTrAn"]
[Black "Aguiar94"]
[Result "1/2-1/2"]
[WhiteElo "2636"]
[BlackElo "2333"]
[TimeControl "180+2"]
[EndTime "17:12:04 PDT"]
[Termination "Game drawn - insufficient material"]

1. d4 Nf6 2. c4 e6 3. Nc3 Bb4 4.
e3 O-O 5. Ne2 d5 6. a3 Be7 7.
Nf4 c6 8. Be2 Nbd7 9. O-O Bd6 10. c5 Bc7 11. b4 e5 12. dxe5 Bxe5 13. Bd2 d4 14. exd4 Bxd4 15. Rc1 Ne5 16. Qc2 a5 17. Rfd1 Nfg4 18. Be1 axb4 19. axb4 Qh4 20. Nh3 Rd8 21. Qe4 f5 22. Qf4 Ng6 23. Qc7 Rd7 24. Bc4+ Kh8 25. Qg3 Qxg3 26. hxg3 Rd8 27. Ng5 Nh6 28. Bd2 Bf6 29.
Nf3 Ng4 30. Bg5 Rf8 31. Ne2 h6 32. Bxf6 Nxf6 33. Ned4 Ne4 34. Ne1 Ne5 35. Be2 f4 36. gxf4 Rxf4 37. f3 Ng3 38. Kf2 Ra2 39. Kxg3 g5 40.
Rc2 Ra3 41. Rcd2 Kg7 42. Nec2 Rc3 43. Bd3 h5 44. Kf2 g4 45. Be4 h4 46. Ne2 g3+ 47. Kg1 Rxe4 48. fxe4 Rb3 49. Ned4 Rc3 50. Ne2 Rb3 51. Rd8 Bg4 52. Ncd4 Re3 53. Rd2 Rxe4 54. Re8 Kf7 55. Rh8 Bd7 56. Rh7+ Kg6 57. Rh8 Kg7 58.
Rh5 Kg6 59. Rh8 Kg7 60. Rb8 Kf6 61. Rxb7 Bg4 62. Rc7 Bd7 63. Rd1 Bg4 64. Rf1+ Kg5 65. Rg7+ Kh6 66. Rxg4 Rxg4 67. Rf4 Kg5 68. Rxg4+ Kxg4 69. b5 cxb5 70. Nxb5 h3 71. gxh3+ Kxh3 72. Ned4 Kg4 73.
Nd6 Kf4 74. Kg2 Ke3 75. Nf3 Nc6 76. Kxg3 Kd3 77. Nb7 Kc4 78. Kf4 Kd5 79. Ng5 Nd4 80. Ne4 Ne6+ 81. Kf5 Nxc5 82. Nbxc5 Kd4 83. Kf4 1/2-1/2

[Event "*** Titled Tuesday 3|2 Blitz"]
[Site "Chess.com"]
[Date "2016.06.07"]
[Round "1"]
[White "akinov-akinseye"]
[Black "FabianEnglert"]
[Result "0-1"]
[WhiteElo "1712"]
[BlackElo "2376"]
[TimeControl "180+2"]
[EndTime "17:12:38 PDT"]
[Termination "FabianEnglert won by resignation"]

1. e4 c5 2. Nf3 e6 3. g3 Nc6 4. Bg2 g6 5. O-O Bg7 6. d3 Nge7 7. Nbd2 O-O 8. c3 e5 9. Nb3 d6 10. Bg5 h6 11. Be3 Be6 12. h3 f5 13. exf5 gxf5 14.
Qc1 Kh7 15. Nh2 f4 16. gxf4 Qd7 17. fxe5 Nxe5 18. Be4+ Bf5 19. Bxf5+ Qxf5 20. d4 Nf7 21. Qb1 Rg8 22. Qxf5+ Nxf5 23. Kh1 b6 24. Rg1 Rae8 25. Rae1 c4 26. Nd2 d5 27. Ndf3 b5 28. Ng4 a5 29.
Nd2 h5 30. Nh2 b4 31. Nhf3 Bf6 32. Rxg8 Rxg8 33. Rg1 Rb8 34. Ng5+ Bxg5 35. Bxg5 bxc3 36. bxc3 Rb2 37. Nf3 Rxf2 38. Ne5 Nxe5 39. dxe5 Re2 40. Bf6 h4 41. Rb1 d4 42. cxd4 c3 43. Rc1 c2 44. Bg5 Kg6 45. Bf4 Rf2 46. d5 Rxf4 47. Rxc2 Re4 48. e6 Kf6 49. Rc5 a4 50. Rc7 Re1+ 51. Kg2 Re2+ 52. Kf3 Rxa2 53. Rf7+ Kg6 54. Rf8 Rd2 55. Rd8 Kf6 56. Rf8+ Kg6 57. Rg8+ Kh7 58.
Rd8 a3 59. Rd7+ Kg6 60. e7 Ng7 61. Rd8 Kf7 62. d6 a2 63. Rf8+ Kg6 64. Ra8 Kf6 65. Kg4 Kf7 66. Kxh4 Nf5+ 67. Kg5 Nxd6 68. h4 Kxe7 69. h5 Ke6 70. h6 Nf7+ 71. Kg6 Nxh6 72. Kxh6 Rg2 73. Ra6+ Kd5 74. Kh5 Kc4 75. Ra8 Kb3 76.
Rb8+ Kc2 77. Rc8+ Kb1 78. Rb8+ Rb2 79. Rf8 a1=Q 80. Rf1+ Ka2 81. Rxa1+ Kxa1 82. Kg6 Rd2 83. Kf5 Kb2 84. Ke4 Kc3 85. Ke5 Rd4 86. Kf5 Kd3 87. Kf6 Ke3 88. Kg7 Rd6 89. Kf7 Ke4 90. Ke7 Ke5 91. Kf7 Re6 92. Kg7 Kf5 93. Kh7 Kg5 94.
Kg7 Re7+ 95. Kf8 Kf6 96. Kg8 Ra7 97. Kh8 Kg6 0-1

[Event "*** Titled Tuesday 3|2 Blitz"]
[Site "Chess.com"]
[Date "2016.06.07"]
[Round "2"]
[White "jcibarra"]
[Black "michaelq2d5"]
[Result "1-0"]
[WhiteElo "2632"]
[BlackElo "2479"]
[TimeControl "180+2"]
[EndTime "17:15:13 PDT"]
[Termination "jcibarra won by checkmate"]

1. e4 e5 2. Nf3 Nc6 3. Bb5 a6 4.
Bxc6 dxc6 5. O-O f6 6. d4 exd4 7. Nxd4 c5 8. Nb3 Qxd1 9. Rxd1 Bd7 10. Bf4 O-O-O 11. Nc3 g5 12. Bg3 Bc6 13. Rxd8+ Kxd8 14. Na5 Ne7 15. Rd1+ Kc8 16. Nxc6 Nxc6 17. Nd5 Bg7 18. Bxc7 Nb4 19. Bb6 Nxd5 20. Rxd5 Re8 21. f3 Re6 22. Rd8# 1-0

[Event "*** Titled Tuesday 3|2 Blitz"]
[Site "Chess.com"]
[Date "2016.06.07"]
[Round "2"]
[White "BikingBrian"]
[Black "MinhGTrAn"]
[Result "0-1"]
[WhiteElo "2109"]
[BlackElo "2637"]
[TimeControl "180+2"]
[EndTime "17:17:28 PDT"]
[Termination "MinhGTrAn won by resignation"]

1. d4 Nf6 2. c4 e6 3. Nc3 Bb4 4.
e3 O-O 5. a3 Bxc3+ 6. bxc3 b6 7. Bd3 Ba6 8. e4 d6 9. e5 dxe5 10. dxe5 Nfd7 11. Qh5 g6 12. Qh6 Nxe5 13. Be4 Bxc4 14.
Bg5 f6 15. Bf4 Nbc6 16. Bxe5 Nxe5 17. Nf3 Nd3+ 18. Bxd3 Qxd3 19. Qe3 Rad8 20. Nd2 Qxe3+ 21. fxe3 Ba6 22. O-O-O Rd3 23. Ne4 Rxe3 24. Rhe1 Rxe1 25. Rxe1 Kf7 26. Rd1 Ke7 0-1

[Event "*** Titled Tuesday 3|2 Blitz"]
[Site "Chess.com"]
[Date "2016.06.07"]
[Round "2"]
[White "chessking2151"]
[Black "Viaje"]
[Result "1-0"]
[WhiteElo "2321"]
[BlackElo "2137"]
[TimeControl "180+2"]
[EndTime "17:17:35 PDT"]
[Termination "chessking2151 won by resignation"]

1. e4 c5 2. c3 Nf6 3. e5 Nd5 4. Nf3 e6 5. d4 cxd4 6. Bc4 dxc3 7. Bxd5 cxb2 8. Bxb2 exd5 9. Nc3 Na6 10. Nxd5 Nc7 11.
O-O Ne6 12. Nd4 Be7 13. Nf5 Bf8 14. Nd6+ Bxd6 15. exd6 O-O 16. Ne7+ Kh8 17. Rc1 b6 18. Qf3 Ba6 19. Rfd1 b5 20. Qg4 Qb6 21. Rc7 b4 22. Rxd7 b3 23. a3 f5 24. Nxf5 1-0

[Event "*** Titled Tuesday 3|2 Blitz"]
[Site "Chess.com"]
[Date "2016.06.07"]
[Round "2"]
[White "Ar4uha"]
[Black "Malev212"]
[Result "0-1"]
[WhiteElo "2346"]
[BlackElo "2289"]
[TimeControl "180+2"]
[EndTime "17:17:38 PDT"]
[Termination "Malev212 won by resignation"]

1. e4 c6 2. Nc3 d5 3. Qe2 Nf6 4.
e5 Nfd7 5. e6 fxe6 6. d4 e5 7.
dxe5 e6 8. Nh3 Be7 9. Nf4 Nf8 10. g3 c5 11. h4 Nc6 12. Bd2 Nd4 13. Qd3 Qb6 14.
O-O-O Bd7 15. Ncxd5 exd5 16. Nxd5 Qd8 17. Nxe7 Qxe7 18.
Bg5 Qf7 19. c3 Bf5 20. Qd2 Qxa2 21. Bb5+ Nxb5 22. Qd5 Qxd5 23. Rxd5 Be4 24. Rhd1 Bxd5 25. Rxd5 Ne6 26. Be3 Nbc7 27. c4 Rd8 0-1